BSA
SO CAL HENVY @ BAFFIN ISLAND BEAVERS
08/03/2025
 
TOP OF THE 1ST
Los Angeles Bruins batting - Pitching for Baffin Island Beavers : RHP Robert Reeves
Pitching: RHP Robert Reeves
Batting: LHB Al Mills 0-0: Called Strike
0-1: Swinging Strike
0-2: Strikes out looking
Batting: SHB Miguel González 0-0: Called Strike
0-1: Ball
1-1: Ball
2-1: Foul Ball, location: 2F
2-2: SINGLE (Groundball, 56D)
Batting: LHB César Valentín 0-0: Called Strike
0-1: Ball
1-1: Called Strike
1-2: Ball
2-2: Fly out, F7 (Flyball, 78M)
Batting: RHB Morgan Gibbon 0-0: Foul Ball, location: 2F
0-1: Ball
1-1: Fly out, F7 (Flyball, 7D)
Top of the 1st over - 0 run(s), 1 hit(s), 0 error(s), 1 left on base; Los Angeles 0 - Baffin Island 0
BOTTOM OF THE 1ST
Baffin Island Beavers batting - Pitching for Los Angeles Bruins : RHP Alejandro Méndez
Pitching: RHP Alejandro Méndez
Batting: LHB Chris Bates 0-0: Called Strike
0-1: Ball
1-1: Foul Ball, location: 2F
1-2: Ground out 4-3 (Groundball, 4)
Batting: LHB Jeff Cole 0-0: Ball
1-0: Called Strike
1-1: Fly out, F5 (Popup, 5SF)
Batting: SHB Alonso Ferreira 0-0: Ground out 6-3 (Groundball, 6M)
Bottom of the 1st over - 0 run(s), 0 hit(s), 0 error(s), 0 left on base; Los Angeles 0 - Baffin Island 0
TOP OF THE 2ND
Los Angeles Bruins batting - Pitching for Baffin Island Beavers : RHP Robert Reeves
Batting: LHB José Antonio Santiago 0-0: Called Strike
0-1: Ball
1-1: Foul Ball, location: 2F
1-2: Strikes out swinging
Batting: RHB Earl Wiggins 0-0: Called Strike
0-1: Ground out 5-3 (Groundball, 6S)
Batting: LHB Jerry Bryan 0-0: Ball
1-0: Ground out 3-1 (Groundball, 34)
Top of the 2nd over - 0 run(s), 0 hit(s), 0 error(s), 0 left on base; Los Angeles 0 - Baffin Island 0
BOTTOM OF THE 2ND
Baffin Island Beavers batting - Pitching for Los Angeles Bruins : RHP Alejandro Méndez
Batting: RHB Tony Morton 0-0: Ground out 5-3 (Groundball, 5S)
Batting: LHB Mario García 0-0: Foul Ball, location: 2F
0-1: DOUBLE (Line Drive, 7LS)
Batting: LHB Lorenzo Villa 0-0: Ball
1-0: Called Strike
1-1: Foul Ball, location: 2F
1-2: Ball
2-2: Ground out 4-3 (Groundball, 4)
Mario García to third
Batting: LHB Keng-chi Lao 0-0: Called Strike
0-1: Ball
1-1: Called Strike
1-2: Ground out 1-3 (Groundball, 13)
Bottom of the 2nd over - 0 run(s), 1 hit(s), 0 error(s), 1 left on base; Los Angeles 0 - Baffin Island 0
TOP OF THE 3RD
Los Angeles Bruins batting - Pitching for Baffin Island Beavers : RHP Robert Reeves
Batting: SHB Ray Burgess 0-0: Swinging Strike
0-1: Fly out, F3 (Popup, 13S)
Batting: LHB Bruno Lalonde 0-0: Ball
1-0: Ball
2-0: Called Strike
2-1: Swinging Strike
2-2: Strikes out swinging
Batting: LHB Al Mills 0-0: Called Strike
0-1: Called Strike
0-2: Foul Ball, location: 2F
0-2: Ball
1-2: Ball
2-2: Strikes out looking
Top of the 3rd over - 0 run(s), 0 hit(s), 0 error(s), 0 left on base; Los Angeles 0 - Baffin Island 0
BOTTOM OF THE 3RD
Baffin Island Beavers batting - Pitching for Los Angeles Bruins : RHP Alejandro Méndez
Batting: RHB Dave Craig 0-0: Swinging Strike
0-1: Ball
1-1: Called Strike
1-2: Strikes out swinging
Batting: LHB Victor Howard 0-0: Foul Ball, location: 2F
0-1: Ball
1-1: Ground out 5-3 (Groundball, 15S)
Batting: LHB Chris Bates 0-0: Ball
1-0: SOLO HOME RUN (Flyball, 9D), Distance : 427 ft
Batting: LHB Jeff Cole 0-0: Called Strike
0-1: Foul Ball, location: 2F
0-2: Ball
1-2: Ball
2-2: Ball
3-2: Base on Balls
Batting: SHB Alonso Ferreira 0-0: Ball
1-0: Ground out 1-3 (Groundball, 15)
Bottom of the 3rd over - 1 run(s), 1 hit(s), 0 error(s), 1 left on base; Los Angeles 0 - Baffin Island 1
TOP OF THE 4TH
Los Angeles Bruins batting - Pitching for Baffin Island Beavers : RHP Robert Reeves
Batting: SHB Miguel González 0-0: Foul Ball, location: 2F
0-1: Called Strike
0-2: Strikes out swinging
Batting: LHB César Valentín 0-0: Ball
1-0: Ball
2-0: Foul Ball, location: 2F
2-1: Ball
3-1: Fly out, F5 (Popup, 5SF)
Batting: RHB Morgan Gibbon 0-0: Ball
1-0: Fly out, F4 (Line Drive, 4)
Top of the 4th over - 0 run(s), 0 hit(s), 0 error(s), 0 left on base; Los Angeles 0 - Baffin Island 1
BOTTOM OF THE 4TH
Baffin Island Beavers batting - Pitching for Los Angeles Bruins : RHP Alejandro Méndez
Batting: RHB Tony Morton 0-0: Ball
1-0: Ball
2-0: Fly out, F8 (Flyball, 8LM)
Batting: LHB Mario García 0-0: Ball
1-0: Called Strike
1-1: Ball
2-1: Foul Ball, location: 2F
2-2: Strikes out swinging
Batting: LHB Lorenzo Villa 0-0: Ball
1-0: Called Strike
1-1: Ball
2-1: Called Strike
2-2: Ball
3-2: Strikes out swinging
Bottom of the 4th over - 0 run(s), 0 hit(s), 0 error(s), 0 left on base; Los Angeles 0 - Baffin Island 1
TOP OF THE 5TH
Los Angeles Bruins batting - Pitching for Baffin Island Beavers : RHP Robert Reeves
Batting: LHB José Antonio Santiago 0-0: Ball
1-0: Ball
2-0: Foul Ball, location: 2F
2-1: Ball
3-1: Called Strike
3-2: Base on Balls
Batting: RHB Earl Wiggins 0-0: Ball
1-0: Ball
2-0: Foul Ball, location: 2F
Balk!
José Antonio Santiago to second
2-1: Foul Ball, location: 2F
2-2: Strikes out swinging
Batting: LHB Jerry Bryan 0-0: Swinging Strike
0-1: Foul Ball, location: 2F
0-2: Strikes out swinging
Batting: SHB Ray Burgess 0-0: Ground out 5-3 (Groundball, 56S)
Top of the 5th over - 0 run(s), 0 hit(s), 0 error(s), 1 left on base; Los Angeles 0 - Baffin Island 1
BOTTOM OF THE 5TH
Baffin Island Beavers batting - Pitching for Los Angeles Bruins : RHP Alejandro Méndez
Batting: LHB Keng-chi Lao 0-0: Ball
1-0: Foul Ball, location: 2F
1-1: Foul Ball, location: 2F
1-2: Ball
2-2: Ball
3-2: Fly out, F2 (Popup, 2LF)
Batting: RHB Dave Craig 0-0: Called Strike
0-1: Foul Ball, location: 2F
0-2: Ball
1-2: DOUBLE (Line Drive, 34D)
Batting: LHB Victor Howard 0-0: Ball
1-0: SINGLE (Groundball, 3S) (infield hit)
Dave Craig to third
Batting: LHB Chris Bates 0-0: Ball
1-0: Foul Ball, location: 2F
1-1: SINGLE (Line Drive, 78S)
Dave Craig scores
Victor Howard to second
Batting: LHB Jeff Cole 0-0: Called Strike
0-1: Grounds into double play, 6-4-3 (Groundball, 6M)
Bottom of the 5th over - 1 run(s), 3 hit(s), 0 error(s), 1 left on base; Los Angeles 0 - Baffin Island 2
TOP OF THE 6TH
Los Angeles Bruins batting - Pitching for Baffin Island Beavers : RHP Robert Reeves
Batting: LHB Bruno Lalonde 0-0: SINGLE (Line Drive, 7S)
Batting: LHB Al Mills 0-0: Ball
1-0: Ball
2-0: Ball
3-0: Called Strike
3-1: Base on Balls
Bruno Lalonde to second
Batting: SHB Miguel González 0-0: Foul Ball, location: 2F
0-1: Ball
1-1: Grounds into double play, U6-3 (Groundball, 6M)
Bruno Lalonde to third
Batting: LHB César Valentín 0-0: Ball
1-0: Swinging Strike
1-1: Foul Ball, location: 2F
1-2: Strikes out swinging
Top of the 6th over - 0 run(s), 1 hit(s), 0 error(s), 1 left on base; Los Angeles 0 - Baffin Island 2
BOTTOM OF THE 6TH
Baffin Island Beavers batting - Pitching for Los Angeles Bruins : RHP Alejandro Méndez
Batting: SHB Alonso Ferreira 0-0: Foul Ball, location: 2F
0-1: Swinging Strike
0-2: Strikes out looking
Batting: RHB Tony Morton 0-0: DOUBLE (Groundball, 5L)
Batting: LHB Mario García 0-0: Called Strike
Tony Morton steals 3rd base
0-1: DOUBLE (Line Drive, 78M)
Tony Morton scores
Batting: LHB Lorenzo Villa 0-0: Intentional Walk
Batting: LHB Keng-chi Lao 0-0: Fly out, F9 (Flyball, 8RS)
Batting: RHB Dave Craig 0-0: Foul Ball, location: 2F
0-1: Foul Ball, location: 2F
0-2: Ball
1-2: Ground out 5-3 (Groundball, 56)
Bottom of the 6th over - 1 run(s), 2 hit(s), 0 error(s), 2 left on base; Los Angeles 0 - Baffin Island 3
TOP OF THE 7TH
Los Angeles Bruins batting - Pitching for Baffin Island Beavers : RHP Robert Reeves
Batting: RHB Morgan Gibbon 0-0: Foul Ball, location: 2F
0-1: Foul Ball, location: 2F
0-2: Ball
1-2: Foul Ball, location: 2F
1-2: Ground out U3 (Groundball, 3)
Batting: LHB José Antonio Santiago 0-0: Ball
1-0: Ball
2-0: Ball
3-0: Called Strike
3-1: Fly out, F4 (Popup, 4)
Batting: RHB Earl Wiggins 0-0: Ground out 5-3 (Groundball, 56S)
Top of the 7th over - 0 run(s), 0 hit(s), 0 error(s), 0 left on base; Los Angeles 0 - Baffin Island 3
BOTTOM OF THE 7TH
Baffin Island Beavers batting - Pitching for Los Angeles Bruins : RHP Alejandro Méndez
Batting: LHB Victor Howard 0-0: Foul Ball, location: 2F
0-1: Swinging Strike
Error on foul ball, E3
0-2: Ball
1-2: Ball
2-2: Foul Ball, location: 2F
2-2: Ball
3-2: SINGLE (Groundball, 3L)
Batting: LHB Chris Bates 0-0: Ground out 3-1 (Groundball, 34)
Victor Howard to second
Batting: LHB Jeff Cole 0-0: Called Strike
0-1: Ball
1-1: Ball
2-1: Called Strike
2-2: Ball
3-2: Base on Balls
Batting: SHB Alonso Ferreira 0-0: Ball
1-0: Ball
2-0: Called Strike
2-1: Ball
3-1: Base on Balls
Victor Howard to third
Jeff Cole to second
Pitching: RHP Juan Flores
Batting: RHB Tony Morton 0-0: Ball
1-0: Called Strike
1-1: Ball
2-1: Ball
3-1: Base on Balls
Victor Howard scores
Jeff Cole to third
Alonso Ferreira to second
Batting: LHB Mario García 0-0: Swinging Strike
0-1: Foul Ball, location: 2F
0-2: Ball
1-2: Ball
2-2: Ball
3-2: Foul Ball, location: 2F
3-2: Fly out, F5 (Popup, 56)
Batting: LHB Lorenzo Villa 0-0: Ball
1-0: Ball
2-0: Foul Ball, location: 2F
2-1: Ball
3-1: GRAND SLAM HOME RUN (Flyball, 78XD), Distance : 467 ft
Batting: LHB Keng-chi Lao 0-0: Foul Ball, location: 2F
0-1: Foul Ball, location: 2F
0-2: Foul Ball, location: 2F
0-2: Ground out 4-3 (Groundball, 4)
Bottom of the 7th over - 5 run(s), 2 hit(s), 1 error(s), 0 left on base; Los Angeles 0 - Baffin Island 8
TOP OF THE 8TH
Los Angeles Bruins batting - Pitching for Baffin Island Beavers : RHP Robert Reeves
Batting: LHB Jerry Bryan 0-0: Ball
1-0: Ground out 6-3 (Groundball, 6)
Batting: SHB Ray Burgess 0-0: Foul Ball, location: 2F
0-1: Ball
1-1: Ball
2-1: Fly out, F3 (Popup, 13)
Batting: LHB Bruno Lalonde 0-0: Called Strike
0-1: Foul Ball, location: 2F
0-2: Strikes out swinging
Top of the 8th over - 0 run(s), 0 hit(s), 0 error(s), 0 left on base; Los Angeles 0 - Baffin Island 8
BOTTOM OF THE 8TH
Baffin Island Beavers batting - Pitching for Los Angeles Bruins : RHP Juan Flores
Batting: RHB Dave Craig 0-0: Called Strike
0-1: SINGLE (Line Drive, 56)
Batting: LHB Victor Howard 0-0: Ball
1-0: Ball
2-0: SINGLE (Groundball, 34D)
Dave Craig to second
Throwing error, E9
Dave Craig scores
Victor Howard to second
Batting: LHB Chris Bates 0-0: Ball
1-0: Ball
2-0: Ball
3-0: Base on Balls
Batting: LHB Jeff Cole 0-0: Called Strike
0-1: Ball
1-1: Ball
2-1: Sac Bunt - play at first, batter OUT! 1-4
Victor Howard to third
Chris Bates to second
Batting: SHB Alonso Ferreira 0-0: Ball
1-0: Ball
2-0: Foul Ball, location: 2F
2-1: Foul Ball, location: 2F
2-2: Ball
3-2: Ground out 4-3 (Groundball, 4)
Victor Howard scores
Chris Bates to third
Batting: RHB Tony Morton 0-0: Fly out, F9 (Flyball, 89S)
Bottom of the 8th over - 2 run(s), 2 hit(s), 1 error(s), 1 left on base; Los Angeles 0 - Baffin Island 10
TOP OF THE 9TH
Los Angeles Bruins batting - Pitching for Baffin Island Beavers : RHP Robert Reeves
Pitching: RHP Bartolo García
Batting: LHB Al Mills 0-0: Swinging Strike
0-1: Ball
1-1: Called Strike
1-2: Foul Ball, location: 2F
1-2: Ball
2-2: Ball
3-2: Strikes out swinging
Batting: SHB Miguel González 0-0: Ground out 5-3 (Groundball, 15S)
Batting: LHB César Valentín 0-0: Ball
1-0: SINGLE (Line Drive, 9LS)
Batting: RHB Morgan Gibbon 0-0: Foul Ball, location: 2F
0-1: Fly out, F8 (Flyball, 8RM)
Top of the 9th over - 0 run(s), 1 hit(s), 0 error(s), 1 left on base; Los Angeles 0 - Baffin Island 10
This league is powered by Out of the Park Baseball, the baseball management simulation game for PC, Mac and Linux
Tuesday, August 2nd, 2016 - OOTP Baseball 16.8 Build 38